 Dungeon Crawl Stone Soup version 0.30.1-11-g7821555f0a (webtiles) character file.

Game seed: 10664536601404307809

578 booth the Chopper (level 7, -20/54 HPs)
             Began as a Demonspawn Gladiator on Dec 4, 2023.
             Was an Initiate of Ashenzari.
             Demolished by an ogre
             ... wielding a +0 giant club
              (29 damage)
             ... on level 5 of the Dungeon.
             The game lasted 00:22:35 (4279 turns).

booth the Chopper (Demonspawn Gladiator)            Turns: 4279, Time: 00:22:35

Health: -20/54     AC: 11    Str: 19 (20) XL:     7   Next: 13%
Magic:  7/7        EV: 11    Int:  9      God:    Ashenzari [......]
Gold:   62         SH:  5    Dex: 13      Spells: 6/6 levels left

rFire   . . .        a - +1 war axe
rCold   . . .        (no shield)
rNeg    . . .        k - +0 ring mail
rPois   .            (helmet restricted)
rElec   .            (no cloak)
rCorr   .            (no gloves)
SInv    .            (no boots)
Will    .....        i - amulet of reflection
Stlth   +            j - +4 ring of protection
HPRegen 0.29/turn    (no ring)
MPRegen 0.20/turn

%: reflection, clarity
@: weakened
A: thin metallic scales 1, magic regeneration, weakness stinger 2, horns 1,
clarity, strong 1, subdued magic 1
a: Renounce Religion, Curse Item


You were on level 5 of the Dungeon.
You worshipped Ashenzari.
Ashenzari was noncommittal.
You visited 2 branches of the dungeon, and saw 6 of its levels.

You collected 118 gold pieces.
You spent 56 gold pieces at shops.

Inventory:

Hand Weapons
 a - a +1 war axe (weapon)
 t - a +0 mace
 w - a +2 flail of venom
Missiles
 d - 3 throwing nets
 e - a javelin
 g - 7 boomerangs (quivered)
 n - 9 poisoned darts
Armour
 b - a +0 leather armour
 c - a +0 helmet
 k - a +0 ring mail (worn)
 l - +0 ice dragon scales
 s - a +0 scale mail
Jewellery
 i - an amulet of reflection (around neck)
 j - a +4 ring of protection (left hand)
Wands
 p - a wand of charming (13)
 v - a wand of mindburst (14)
Scrolls
 o - a scroll of blinking {unknown}
 u - a scroll of amnesia
 x - a scroll of teleportation {unknown}
Potions
 f - 2 potions of berserk rage
 h - a potion of heal wounds
 m - a potion of curing
 q - a potion of magic
 r - a potion of invisibility


   Skills:
 + Level 4.2 Fighting
 * Level 5.5 Axes
 + Level 3.8 Throwing
 - Level 2.8 Dodging


You had 6 spell levels left.
You didn't know any spells.
Your spell library contained the following spells:

 Spells                   Type           Power      Damage    Failure   Level
 Sandblast                Erth           0%         2d4       52%         1
 Passwall                 Tmut/Erth      0%         N/A       67%         2
 Ozocubu's Armour         Ice            0%         N/A       89%         3
 Stone Arrow              Conj/Erth      0%         3d7       89%         3
 Olgreb's Toxic Radiance  Pois           0%         N/A       100%        4
 Ozocubu's Refrigeration  Ice            0%         4d7       100%        7
 Discord                  Hex            0%         N/A       100%        8
 Ignition                 Fire           0%         3d3       100%        8


Dungeon Overview and Level Annotations

Branches:
Dungeon (5/15)             Temple (1/1) D:4

Altars:
Ashenzari
Cheibriados
Dithmenos
Fedhas
Gozag
Hepliaklqana
Kikubaaqudgha
Makhleb
Nemelex Xobeh
Qazlal
Sif Muna
Trog
Uskayaw
Vehumet
Wu Jian
Xom
Yredelemnul

Shops:
D:4 ?


Innate Abilities, Weirdness & Mutations

You are partially covered in thin metallic scales. (AC +2)
You regenerate magic rapidly.
You have a tail ending in a sharp stinger.
You have a pair of small horns on your head.
You possess an exceptional clarity of mind.
Your muscles are strong. (Str +4, Int/Dex -1)
Your spells are a little easier to cast, but a little less powerful.


Message History

Found a chain mail.
You see here a +0 chain mail.
You see here a +0 chain mail.
Press: ? - help, v - describe, . - travel, g - get item Item here: a +0 chain mail.
The floor.
Okay, then.
Found a leather armour.
The gnoll shouts!
You hear a shout!
A gnoll bouda comes into view.
It is wielding a +1 whip of electrocution.
Found 12 gold pieces.
An ogre comes into view. It is wielding a +0 giant club.
The gnoll hits you but does no damage.
You slash the gnoll! You tail-slap the gnoll.
The gnoll is almost dead.
The gnoll closely misses you.
The gnoll bouda calls upon its god to heal the gnoll.
The gnoll is healed somewhat.
You hit the gnoll.
You kill the gnoll!
Found 18 gold pieces and 5 stones.
The gnoll bouda hits you with a +1 whip of electrocution!
You see here a +0 club.
You closely miss the gnoll bouda.
The gnoll bouda hits you but does no damage.
The gnoll bouda barely misses you.
You closely miss the gnoll bouda. You hit the ogre.
The ogre hits you with a +0 giant club!
The gnoll bouda gazes fiercely through you!
You feel your attacks grow feeble.
The gnoll bouda hits you but does no damage.
You hit the gnoll bouda.
The gnoll bouda is moderately wounded.
You barely miss the ogre.
The gnoll bouda hits you with a +1 whip of electrocution.
You are electrocuted!
* * * LOW HITPOINT WARNING * * *
The ogre hits you with a +0 giant club!!
Ouch! That really hurt!
You die...

##.##.............))....
#..###..^........###.###
#.........#########..#
######.##..... #.##
#.######. #. #.# .Y #.##
... #..# ### ##@#
#....gO......
#..........$..
#......[.......
#..............
#..............
#....$.........
#...........(..


You could see an ogre and a gnoll bouda.

Vanquished Creatures
  An ice beast (D:5)
  An ogre (D:4)
  A phantom (D:4)
  A scorpion (D:3)
  A hound (D:5)
  A sleepcap (D:4)
  An orc wizard (D:5)
  3 gnolls (D:5)
  7 adders
  3 worms
  5 orcs
  8 endoplasms
  4 giant cockroaches
  2 goblins
  11 hobgoblins
  9 jackals
  4 quokkas
  8 ball pythons
  A bat (D:1)
  6 frilled lizards
  3 kobolds
  4 rats
85 creatures vanquished.

Vanquished Creatures (others)
  An ufetubus (D:5)
1 creature vanquished.

Grand Total: 86 creatures vanquished

Notes
Turn   | Place    | Note
-------+----------+-------------------------------------------
     0 | D:1      | booth the Demonspawn Gladiator began the quest for the Orb.
     0 | D:1      | Reached XP level 1. HP: 16/16 MP: 1/1
   204 | D:1      | Gained mutation: You have a small tail. [demonic ancestry]
   204 | D:1      | Reached XP level 2. HP: 22/22 MP: 2/2
   286 | D:1      | Reached skill level 3 in Axes
   738 | D:1      | Gained mutation: You regenerate magic rapidly. [demonic
                  | ancestry]
   738 | D:1      | Reached XP level 3. HP: 28/28 MP: 3/3
   873 | D:1      | Gained mutation: You are weak. (Str -2) [potion of
                  | mutation]
   874 | D:1      | Lost mutation: You are weak. (Str -2) [potion of mutation]
   874 | D:1      | Gained mutation: You have a pair of small horns on your
                  | head. [potion of mutation]
   874 | D:1      | Gained mutation: Your spells are a little easier to cast,
                  | but a little less powerful. [potion of mutation]
   874 | D:1      | Gained mutation: Your muscles are strong. (Str +4, Int/Dex
                  | -1) [potion of mutation]
   874 | D:1      | Gained mutation: You possess an exceptional clarity of
                  | mind. [potion of mutation]
  1353 | D:2      | Found a radiant altar of Vehumet.
  1584 | D:2      | Found a faded altar of an unknown god.
  1754 | D:2      | Reached XP level 4. HP: 34/34 MP: 4/4
  2155 | D:3      | Noticed a scorpion
  2166 | D:3      | Killed a scorpion
  2167 | D:3      | Reached skill level 4 in Axes
  2167 | D:3      | Gained mutation: You have a tail ending in a sharp stinger.
                  | [demonic ancestry]
  2167 | D:3      | Reached XP level 5. HP: 41/41 MP: 5/5
  2729 | D:4      | Noticed a phantom
  2735 | D:4      | Killed a phantom
  2749 | D:4      | Found Baigroeq's Magic Scroll Shoppe.
  2755 | D:4      | Bought a scroll of identify for 28 gold pieces
  2755 | D:4      | Bought a scroll of identify for 28 gold pieces
  2923 | D:4      | Found a staircase to the Ecumenical Temple.
  2946 | Temple   | Entered the Ecumenical Temple
  3405 | Temple   | Became a worshipper of Ashenzari the Shackled
  3962 | D:4      | Gained mutation: You are partially covered in thin metallic
                  | scales. (AC +2) [demonic ancestry]
  3962 | D:4      | Reached XP level 6. HP: 41/47 MP: 6/6
  4052 | D:4      | Reached skill level 5 in Axes
  4091 | D:5      | Entered Level 5 of the Dungeon
  4152 | D:5      | Noticed an ice beast
  4164 | D:5      | Killed an ice beast
  4165 | D:5      | Reached XP level 7. HP: 38/54 MP: 7/7
  4279 | D:5      | Demolished by an ogre

Illustrated notes

Levels and vault maps discovered:
D:1:      dpeg_arrival_court, layout_loops_cross, minmay_tetromino_s2
D:2:      layout_basic, shapermc_ecumenical_altar_flowoftime, basic_altar
D:3:      wad_pebble_path, layout_loops_ring
D:4:      wander_river, layout_basic, temple_statues, serial_shops,
          nicolae_shop_back_alley_shop, grunt_ministairs_12
D:5:      layout_rooms, nicolae_ru_great_annihilating_truth, serial_shops,
          nicolae_book_shop_shelving
Temple:   mainiacjoe_temple_big_plus

Skill      XL: |  1  2  3  4  5  6 |
---------------+-------------------+-----
Throwing       | 2 3 |  3.8
Axes           | 3 4 5 |  5.5
Fighting       | 3 4 |  4.2
Dodging        | |  2.8

Action                     |  1- 3 |  4- 6 |  7- 9 || total
---------------------------+-------+-------+-------++-------
  Melee: War axe           |   108 |    90 |     6 ||   204
         Tailslap          |    14 |    10 |     1 ||    25
         Headbutt          |     9 |    12 |       ||    21
         Punch             |       |     1 |       ||     1
  Throw: Boomerang         |     4 |    20 |     2 ||    26
         Throwing net      |     1 |       |       ||     1
    Use: Scroll            |     2 |     8 |       ||    10
         Potion            |     2 |     2 |       ||     4
   Stab: Invisible         |       |     2 |       ||     2
 Armour: Leather armour    |    23 |       |       ||    23
         Ring mail         |     7 |    26 |     3 ||    36
  Dodge: Dodged            |    70 |    37 |     2 ||   109
  Block: Other             |    14 |    16 |       ||    30
